PBL
TEXAS RANGERS @ HOUSTON ASTROS
03/22/2051
 
TOP OF THE 1ST
Texas Rangers batting - Pitching for Houston Astros : LHP Javier Pineda
Pitching: LHP Javier Pineda
Batting: LHB Luis Valensia 0-0: Ball
1-0: Ground out 4-3 (Groundball, 34D)
Batting: RHB Albert Hernández 0-0: Ground out 5-3 (Groundball, 56S)
Batting: RHB Edmond Edwards 0-0: Swinging Strike
0-1: Swinging Strike
0-2: Strikes out swinging
Top of the 1st over - 0 runs, 0 hits, 0 errors, 0 left on base; Texas 0 - Houston 0
BOTTOM OF THE 1ST
Houston Astros batting - Pitching for Texas Rangers : LHP Jorge Vega
Pitching: LHP Jorge Vega
Batting: SHB Travis Olson 0-0: Called Strike
0-1: Called Strike
0-2: Ball
1-2: Ball
2-2: Ball
3-2: Base on Balls
Batting: RHB Al O'Brien 0-0: Called Strike
0-1: Called Strike
0-2: Ball
1-2: Strikes out swinging
Batting: RHB Dennis Henley 0-0: Called Strike
0-1: Called Strike
Travis Olson is caught stealing 2nd base 2-4
0-2: Foul Ball, location: 2F
0-2: Ball
1-2: Foul Ball, location: 2F
1-2: Ball
2-2: Ball
3-2: Foul Ball, location: 2F
3-2: SINGLE (Groundball, 4MD)
Batting: RHB Naoki Masanobu 0-0: Ball
1-0: Ball
2-0: Called Strike
2-1: Ball
3-1: Foul Ball, location: 2F
3-2: Foul Ball, location: 2F
3-2: Fly out, F6 (Popup, 6D)
Bottom of the 1st over - 0 runs, 1 hit, 0 errors, 1 left on base; Texas 0 - Houston 0
TOP OF THE 2ND
Texas Rangers batting - Pitching for Houston Astros : LHP Javier Pineda
Batting: SHB Patrick Bennett 0-0: Ball
1-0: Ball
2-0: Called Strike
2-1: Foul Ball, location: 2F
2-2: Ball
3-2: Base on Balls
Batting: LHB Raúl Montañio 0-0: Called Strike
0-1: Ball
1-1: Swinging Strike
1-2: Strikes out swinging
Batting: RHB Michael Flagell 0-0: Ball
1-0: Ball
Passed Ball!
Patrick Bennett to second
2-0: Ball
3-0: Base on Balls
Batting: LHB Oliver de Kok 0-0: Ball
1-0: Foul Ball, location: 2F
1-1: Called Strike
1-2: Ball
2-2: Foul Ball, location: 2F
2-2: Ball
3-2: Foul Ball, location: 2F
3-2: SINGLE (Line Drive, 78S)
Patrick Bennett to third
Michael Flagell to second
Runner from 3rd tries for Home, SAFE, throw by LF to home
Batting: RHB Lawrence Cummings 0-0: Called Strike
0-1: Fly out, F7 (Flyball, 7LS)
Batting: RHB Jake Steele 0-0: Foul Ball, location: 2F
0-1: Fielders Choice at 2nd, 5-4 (Groundball, 5)
Top of the 2nd over - 1 run, 1 hit, 0 errors, 2 left on base; Texas 1 - Houston 0
BOTTOM OF THE 2ND
Houston Astros batting - Pitching for Texas Rangers : LHP Jorge Vega
Batting: LHB Mike MacGruder 0-0: Fly out, F6 (Popup, 6MS)
Batting: RHB Santiago Delagado 0-0: Called Strike
0-1: Called Strike
0-2: Fly out, F9 (Flyball, 89D)
Batting: RHB Rich Petty 0-0: Fly out, F7 (Flyball, 7)
Bottom of the 2nd over - 0 runs, 0 hits, 0 errors, 0 left on base; Texas 1 - Houston 0
TOP OF THE 3RD
Texas Rangers batting - Pitching for Houston Astros : LHP Javier Pineda
Batting: LHB Luis Valensia 0-0: Called Strike
0-1: Called Strike
0-2: Strikes out swinging
Batting: RHB Albert Hernández 0-0: Swinging Strike
0-1: Called Strike
0-2: Ball
1-2: Strikes out looking
Batting: RHB Edmond Edwards 0-0: Ball
1-0: Ball
2-0: Called Strike
2-1: Foul Ball, location: 2F
2-2: Fly out, F9 (Flyball, 9S)
Top of the 3rd over - 0 runs, 0 hits, 0 errors, 0 left on base; Texas 1 - Houston 0
BOTTOM OF THE 3RD
Houston Astros batting - Pitching for Texas Rangers : LHP Jorge Vega
Batting: RHB Paul MacLean 0-0: Ball
1-0: Ball
2-0: Ground out 6-3 (Groundball, 6)
Batting: RHB Emílio Vázquez 0-0: Swinging Strike
0-1: Swinging Strike
0-2: Ball
1-2: Ball
2-2: Reached on error, E4 (Groundball, 4)
Batting: SHB Travis Olson 0-0: DOUBLE (Line Drive, 7LS)
Emílio Vázquez to third
Runner from 3rd tries for Home, SAFE, no throw by LF
Batting: RHB Al O'Brien 0-0: Called Strike
0-1: Fly out, F7 (Flyball, 7)
Batting: RHB Dennis Henley 0-0: Ball
1-0: Ball
2-0: Called Strike
2-1: Ball
3-1: SINGLE (Line Drive, 89M)
Travis Olson to third
Runner from 3rd tries for Home, SAFE, throw by RF to home
Batting: RHB Naoki Masanobu 0-0: DOUBLE (Line Drive, 89XD)
Dennis Henley to third
Runner from 3rd tries for Home, SAFE, throw by RF to home
Batting: LHB Mike MacGruder 0-0: Called Strike
0-1: Swinging Strike
0-2: Fly out, F8 (Flyball, 8LM)
Bottom of the 3rd over - 3 runs, 3 hits, 1 error, 1 left on base; Texas 1 - Houston 3
TOP OF THE 4TH
Texas Rangers batting - Pitching for Houston Astros : LHP Javier Pineda
Batting: SHB Patrick Bennett 0-0: Ball
1-0: Called Strike
1-1: Ball
2-1: Fly out, F8 (Flyball, 8RM)
Batting: LHB Raúl Montañio 0-0: Ball
1-0: Foul Ball, location: 2F
1-1: Called Strike
1-2: Ball
2-2: Ground out 1-3 (Groundball, 34S)
Batting: RHB Michael Flagell 0-0: Called Strike
0-1: SINGLE (Groundball, 5L)
Batting: LHB Oliver de Kok 0-0: Ball
1-0: Ball
2-0: Called Strike
2-1: Swinging Strike
2-2: Ball
3-2: Strikes out looking
Top of the 4th over - 0 runs, 1 hit, 0 errors, 1 left on base; Texas 1 - Houston 3
BOTTOM OF THE 4TH
Houston Astros batting - Pitching for Texas Rangers : LHP Jorge Vega
Batting: RHB Santiago Delagado 0-0: Called Strike
0-1: Foul Ball, location: 2F
0-2: Foul Ball, location: 2F
0-2: Strikes out looking
Batting: RHB Rich Petty 0-0: Ground out 6-3 (Groundball, 6)
Batting: RHB Paul MacLean 0-0: Foul Ball, location: 2F
0-1: Swinging Strike
0-2: Foul Ball, location: 2F
0-2: Ball
1-2: Strikes out swinging
Bottom of the 4th over - 0 runs, 0 hits, 0 errors, 0 left on base; Texas 1 - Houston 3
TOP OF THE 5TH
Texas Rangers batting - Pitching for Houston Astros : LHP Javier Pineda
Pitching: RHP Felipe Rodríguez
Batting: RHB Lawrence Cummings 0-0: Called Strike
0-1: Ball
1-1: Ball
2-1: Swinging Strike
2-2: Strikes out looking
Batting: RHB Jake Steele 0-0: Ball
1-0: Ball
2-0: Foul Ball, location: 2F
2-1: Ball
3-1: Foul Ball, location: 2F
3-2: Foul Ball, location: 2F
3-2: Strikes out swinging
Batting: LHB Luis Valensia 0-0: Called Strike
0-1: Ball
1-1: Ball
2-1: Ball
3-1: Swinging Strike
3-2: Strikes out swinging
Top of the 5th over - 0 runs, 0 hits, 0 errors, 0 left on base; Texas 1 - Houston 3
BOTTOM OF THE 5TH
Houston Astros batting - Pitching for Texas Rangers : LHP Jorge Vega
Pitching: RHP Carlos Oliveira
Batting: RHB Emílio Vázquez 0-0: Called Strike
0-1: Ball
1-1: Foul Ball, location: 2F
1-2: Ground out 4-3 (Groundball, 4)
Batting: SHB Travis Olson 0-0: Ball
1-0: Ball
2-0: Ground out 6-3 (Groundball, 6)
Batting: RHB Al O'Brien 0-0: Foul Ball, location: 2F
0-1: Ball
1-1: Called Strike
1-2: Foul Ball, location: 2F
1-2: Ball
2-2: Strikes out looking
Bottom of the 5th over - 0 runs, 0 hits, 0 errors, 0 left on base; Texas 1 - Houston 3
TOP OF THE 6TH
Texas Rangers batting - Pitching for Houston Astros : RHP Felipe Rodríguez
Batting: RHB Albert Hernández 0-0: Ball
1-0: Ball
2-0: Foul Ball, location: 2F
2-1: SINGLE (Line Drive, 89M)
Batting: RHB Edmond Edwards 0-0: Called Strike
0-1: Grounds into double play, 6-4-3 (Groundball, 56)
Batting: SHB Patrick Bennett 0-0: Foul Ball, location: 2F
0-1: Called Strike
0-2: Foul Ball, location: 2F
0-2: Fly out, F8 (Flyball, 89XD)
Top of the 6th over - 0 runs, 1 hit, 0 errors, 0 left on base; Texas 1 - Houston 3
BOTTOM OF THE 6TH
Houston Astros batting - Pitching for Texas Rangers : RHP Carlos Oliveira
Batting: RHB Dennis Henley 0-0: Swinging Strike
0-1: Ball
1-1: Ball
2-1: Foul Ball, location: 2F
2-2: SINGLE (Groundball, 34D)
Batting: RHB Naoki Masanobu 0-0: Ball
1-0: Ball
2-0: Fly out, F7 (Flyball, 7)
Batting: LHB Mike MacGruder 0-0: Foul Ball, location: 2F
0-1: Ball
1-1: Grounds into double play, 4-6-3 (Groundball, 4)
Bottom of the 6th over - 0 runs, 1 hit, 0 errors, 0 left on base; Texas 1 - Houston 3
TOP OF THE 7TH
Texas Rangers batting - Pitching for Houston Astros : RHP Felipe Rodríguez
Batting: LHB Raúl Montañio 0-0: Foul Ball, location: 2F
0-1: Ball
1-1: Ball
2-1: Ball
3-1: Swinging Strike
3-2: Foul Ball, location: 2F
3-2: Fly out, F7 (Line Drive, 7)
Batting: RHB Michael Flagell 0-0: Ball
1-0: Ball
2-0: Fly out, F4 (Flyball, 34D)
Batting: LHB Oliver de Kok 0-0: Foul Ball, location: 2F
0-1: Ball
1-1: Foul Ball, location: 2F
1-2: Strikes out swinging
Top of the 7th over - 0 runs, 0 hits, 0 errors, 0 left on base; Texas 1 - Houston 3
BOTTOM OF THE 7TH
Houston Astros batting - Pitching for Texas Rangers : RHP Carlos Oliveira
Batting: RHB Santiago Delagado 0-0: Fly out, F3 (Popup, 3SF)
Batting: RHB Rich Petty 0-0: Called Strike
0-1: Called Strike
0-2: Fly out, F8 (Flyball, 8RM)
Batting: RHB Paul MacLean 0-0: Ball
1-0: Ball
2-0: Called Strike
2-1: Foul Ball, location: 2F
2-2: Ball
3-2: Foul Ball, location: 2F
3-2: Base on Balls
Batting: RHB Emílio Vázquez 0-0: Ball
1-0: DOUBLE (Line Drive, 78D)
Paul MacLean to third
Runner from 3rd tries for Home, SAFE, throw by CF to home
Pinch Hitting: RHB Kent Thompo 0-0: SINGLE (Line Drive, 89S)
Emílio Vázquez to third
Runner from 3rd tries for Home, throw by RF and OUT! 9-2
Bottom of the 7th over - 1 run, 2 hits, 0 errors, 1 left on base; Texas 1 - Houston 4
TOP OF THE 8TH
Texas Rangers batting - Pitching for Houston Astros : RHP Felipe Rodríguez
Now at SS: Kent Thompo
Batting: RHB Lawrence Cummings 0-0: Ball
1-0: Swinging Strike
1-1: Ball
2-1: Foul Ball, location: 2F
2-2: Strikes out swinging
Batting: RHB Jake Steele 0-0: Called Strike
0-1: Called Strike
0-2: Ball
1-2: Strikes out swinging
Pitching: LHP Sergio Mateo
Pinch Hitting: RHB Robert Jones 0-0: Called Strike
0-1: Foul Ball, location: 2F
0-2: SINGLE (Line Drive, 78M)
Batting: RHB Albert Hernández 0-0: Ball
1-0: Foul Ball, location: 2F
1-1: Ball
2-1: Foul Ball, location: 2F
2-2: Ball
3-2: Ground out 6-3 (Groundball, 6)
Top of the 8th over - 0 runs, 1 hit, 0 errors, 1 left on base; Texas 1 - Houston 4
BOTTOM OF THE 8TH
Houston Astros batting - Pitching for Texas Rangers : RHP Carlos Oliveira
Now at 2B: Robert Jones
Batting: RHB Al O'Brien 0-0: Ball
1-0: Foul Ball, location: 2F
1-1: Fly out, F9 (Flyball, 9D)
Pinch Hitting: RHB Sam Thompson 0-0: Ball
1-0: Ball
2-0: Called Strike
2-1: Ground out U3 (Groundball, 34)
Batting: LHB Carlos Cardenas 0-0: Ball
1-0: Called Strike
1-1: Foul Ball, location: 2F
1-2: Ball
2-2: Foul Ball, location: 2F
2-2: Foul Ball, location: 2F
2-2: Foul Ball, location: 2F
2-2: Foul Ball, location: 2F
2-2: Foul Ball, location: 2F
2-2: Ground out 1-3 (Groundball, 13)
Bottom of the 8th over - 0 runs, 0 hits, 0 errors, 0 left on base; Texas 1 - Houston 4
TOP OF THE 9TH
Texas Rangers batting - Pitching for Houston Astros : LHP Sergio Mateo
Now in CF: Sam Thompson
Pinch Hitting: RHB Larry Harper 0-0: Called Strike
0-1: Foul Ball, location: 2F
0-2: Ball
1-2: Ball
2-2: Foul Ball, location: 2F
2-2: Fly out, F9 (Line Drive, 9)
Pinch Hitting: LHB Alan Michael 0-0: Ground out 6-3 (Groundball, 6)
Batting: RHB Amghar Sumait 0-0: Ground out 6-3 (Groundball, 56)
Top of the 9th over - 0 runs, 0 hits, 0 errors, 0 left on base; Texas 1 - Houston 4
Wednesday, September 18th, 2019 - OOTP Baseball 20.6 Build 54